 Dungeon Crawl Stone Soup version 0.31-a0-986-g5e6e4ef867 (webtiles) character file.

Game seed: 5860049494466492815

158 LadyBoffin the Chopper (level 5, -6/47 HPs)
             Began as a Hill Orc Monk on Nov 9, 2023.
             Was a Believer of Zin.
             Mangled by an iron imp (10 damage)
             ... summoned by Eustachio
             ... on level 4 of the Dungeon.
             The game lasted 00:04:45 (2980 turns).

LadyBoffin the Chopper (Hill Orc Monk)              Turns: 2980, Time: 00:04:46

Health: -6/47      AC:  3    Str: 23    XL:     5   Next: 40%
Magic:  3/5        EV: 13    Int: 11    God:    Zin [**....]
Gold:   105        SH:  0    Dex: 14    Spells: 4/4 levels left

rFire   . . .        a - +2 hand axe
rCold   + . .        d - orb {light}
rNeg    . . .        b - +0 robe
rPois   ∞            (no helmet)
rElec   .            (no cloak)
rCorr   .            (no gloves)
SInv    .            o - +0 pair of boots
Will    .....        f - amulet of the acrobat
Stlth   +            l - ring of protection from cold
HPRegen 0.27/turn    r - +6 ring of strength
MPRegen 0.09/turn

%: acrobat
@: vitalised, reciting, glowing
A: no striking features
a: Renounce Religion, Recite, Vitalisation, Donate Gold


You were on level 4 of the Dungeon.
You worshipped Zin.
Zin was pleased with you.
You visited 1 branch of the dungeon, and saw 4 of its levels.

You collected 116 gold pieces.
You donated 11 gold pieces to Zin.

Inventory:

Hand Weapons
 a - a +2 hand axe (weapon)
Armour
 b - a +0 robe (worn)
 d - an orb of light (worn)
 o - a +0 pair of boots (worn)
Jewellery
 f - an amulet of the acrobat (around neck)
 l - a ring of protection from cold (left hand)
 r - a +6 ring of strength (right hand)
 t - a ring of see invisible
 v - an amulet of guardian spirit
Wands
 y - a wand of digging (5)
Scrolls
 j - 4 scrolls of identify
 u - a scroll of enchant armour {unknown}
 w - a scroll of brand weapon {unknown}
Potions
 c - a potion of ambrosia
 e - 2 potions of haste {unknown}
 g - a potion of curing {unknown}
 h - a potion of enlightenment {unknown}
 i - a potion of heal wounds
 m - a potion of might {unknown}
 p - 2 potions of brilliance {unknown}
 q - a potion of lignification {unknown}
 x - a potion of degeneration {unknown}


   Skills:
 + Level 4.6 Fighting
 + Level 6.5 Axes
 + Level 3.0 Dodging
 + Level 0.2 Stealth


You had 4 spell levels left.
You didn't know any spells.
Your spell library contained the following spells:

 Spells                   Type           Power      Damage    Failure   Level
 Freeze                   Ice            0%         1d3       34%         1
 Dazzling Flash           Conj/Hex       0%         N/A       71%         3
 Frozen Ramparts          Ice            0%         1d1       71%         3
 Hailstorm                Conj/Ice       0%         3d3       71%         3
 Volatile Blastmotes      Fire/Tloc      0%         2d10      71%         3
 Starburst                Conj/Fire      0%         6d3       100%        6
 Maxwell's Capacitive Co  Air            0%         ∞         100%        8


Dungeon Overview and Level Annotations

Branches:
Dungeon (4/15)
 Temple: D:4-7

Altars:
Sif Muna
Zin

Shops:
D:1 !

Annotations:
D:4 Eustachio


Message History

The rat's corpse disappears in a puff of smoke!
The bat misses you.
Eustachio mumbles some strange words.
You hit the bat.
You kill the bat!
The bat's corpse disappears in a puff of smoke!
You hit Eustachio.
Eustachio is heavily wounded.
Eustachio hits you with a +0 rapier.
* * * LOW HITPOINT WARNING * * *
Zin grants you divine stamina.
Eustachio gestures wildly while chanting.
Unknown command.
You slash Eustachio!
Eustachio is severely wounded.
Eustachio barely misses you.
You hit Eustachio.
Eustachio is severely wounded.
Eustachio barely misses you.
You completely miss Eustachio.
Eustachio is severely wounded.
You hit the iron imp but do no damage. The iron imp hits you.
* * * LOW HITPOINT WARNING * * *
Eustachio hits you with a +0 rapier.
* * * LOW HITPOINT WARNING * * *
Activating: Recite (9% risk of failure)
Press: ? - help, Dir - look around, f - activate You clear your throat and prepare to recite. "To those who would swear an oath of order on my altar..."
The quasit is dazed by your recitation.
The quasit gives a chilling moan.
The iron imp is dazed by your recitation.
Eustachio barely misses you. The iron imp closely misses you.
You hit Eustachio.
Eustachio is severely wounded.
You hit the iron imp but do no damage. "...I bring ye salvation.
To the rest, ye hordes of the Abyss..."
The quasit is lost in a daze.
Eustachio closely misses you. The iron imp hits you!
You die...

#...........####+##..#
#...........#....##..#
#...........#....#....
#...........#....+....
#...........'....#....
###########...........#....##..#
#............#'##.....#....##..#
#............#.5#r....#.........
#............#.@@5....#.........
#............#..#5....#.........
###'##########..#.....#########.
#...........#...#.............#.
#..(........#####.............#.
##########'##.........÷.......#.
#................##)##........#.
#................#...#........#.
#................#...#........#.


You could see Eustachio, an iron imp (summoned, dazed), a quasit (summoned,
dazed), an ufetubus (summoned) and a rat (summoned).

Vanquished Creatures
  A sleepcap (D:4)
  5 adders
  A worm (D:3)
  A dart slug (D:3)
  6 orcs
  6 ball pythons
  5 bats
  6 endoplasms
  2 giant cockroaches
  5 goblins
  11 hobgoblins
  4 jackals (D:1)
  3 quokkas
  5 frilled lizards
  6 kobolds
  3 rats
70 creatures vanquished.

Notes
Turn   | Place    | Note
-------+----------+-------------------------------------------
     0 | D:1      | LadyBoffin the Hill Orc Monk began the quest for the Orb.
     0 | D:1      | Reached XP level 1. HP: 19/19 MP: 1/1
   117 | D:1      | Reached XP level 2. HP: 27/27 MP: 2/2
   454 | D:1      | Reached XP level 3. HP: 20/33 MP: 3/3
   521 | D:1      | Found Baoduog's Distillery.
   735 | D:2      | Reached skill level 5 in Axes
   948 | D:2      | Reached XP level 4. HP: 29/41 MP: 4/4
  1975 | D:3      | Found a shimmering blue altar of Sif Muna.
  2004 | D:3      | Reached skill level 6 in Axes
  2148 | D:3      | Found a glowing silver altar of Zin.
  2173 | D:3      | Became a worshipper of Zin the Law-Giver
  2173 | D:3      | Reached * piety under Zin
  2173 | D:3      | Reached ** piety under Zin
  2530 | D:4      | Reached XP level 5. HP: 29/47 MP: 5/5
  2655 | D:4      | Noticed Eustachio
  2980 | D:4      | Mangled by an iron imp

Illustrated notes

Levels and vault maps discovered:
D:1:      scummos_arrival_forest, layout_rooms, serial_shops,
          nicolae_shop_hallway_plus, minmay_pentomino_z4
D:2:      layout_basic, minmay_ruptured
D:3:      layout_basic, lemuel_blue_sif_altar, lemuel_doored_altar
D:4:      layout_gridville, minmay_temple_entry_tees, uniq_eustachio

Skill      XL: |  1  2  3  4  5 |
---------------+----------------+-----
Fighting       | 4 |  4.6
Axes           | 5 6 |  6.5
Dodging        | 3 |  3.0
Stealth        | |  0.2

Action                     |  1- 3 |  4- 6 || total
---------------------------+-------+-------++-------
  Melee: Hand axe          |    73 |   127 ||   200
 Invoke: Recite            |       |     1 ||     1
         Vitalisation      |       |     1 ||     1
    Use: Potion            |     1 |       ||     1
         Scroll            |       |     6 ||     6
 Armour: Robe              |    46 |    60 ||   106
  Dodge: Dodged            |    62 |    88 ||   150

Table legend: (Time is in decaauts)
 A = Elapsed time spent in this place.
 B = Non-inter-level travel time spent in this place.
 C = Inter-level travel time spent in this place.
 D = Time resting spent in this place.
 E = Time spent auto-exploring this place.
 F = Levels seen in this place.
 G = Mean time per level.
                   A        B        C        D        E       F      G
               +--------+--------+--------+--------+--------+-----+--------+
         Total |   2983 |   2773 |    210 |    394 |   1870 |   4 |  745.8 |
       Dungeon |   2983 |   2773 |    210 |    394 |   1870 |   4 |  745.8 |
               +--------+--------+--------+--------+--------+-----+--------+

Top non-repeatable levels by time:
     D:2: 1037 daAuts
     D:3: 784 daAuts
     D:1: 626 daAuts
     D:4: 535 daAuts
